 Dungeon Crawl Stone Soup version 0.30.1 (webtiles) character file.

Game seed: 1592037470252300657

1 safid the Chiller (level 1, -1/13 HPs)
             Began as a Merfolk Ice Elementalist on July 7, 2023.
             Frozen to death by an endoplasm (5 damage)
             ... on level 1 of the Dungeon.
             The game lasted 00:00:08 (40 turns).

safid the Chiller (Merfolk Ice Elementalist)          Turns: 40, Time: 00:00:08

Health: -1/13      AC:  2    Str:  8    XL:     1   Next: 20%
Magic:  0/3        EV: 12    Int: 14    God:
Gold:   0          SH:  0    Dex: 14    Spells: 3/4 levels left

rFire   . . .        (no weapon)
rCold   . . .        (no shield)
rNeg    . . .        a - +0 robe
rPois   .            (no helmet)
rElec   .            (no cloak)
rCorr   .            (no gloves)
SInv    .            (no boots)
Will    .....        (no amulet)
Stlth   ++           (no ring)
HPRegen 0.22/turn    (no ring)
MPRegen 0.08/turn

%: no passive effects
@: no status effects
A: (nimble swimmer 2), mertail
a: no special abilities


You were on level 1 of the Dungeon.
You visited 1 branch of the dungeon, and saw 1 of its levels.

Inventory:

Armour
 a - a +0 robe (worn)
Potions
 b - a potion of magic


   Skills:
 + Level 0.1 Fighting
 - Level 2.6 Dodging
 - Level 2.1 Stealth
 + Level 2.0 Spellcasting
 + Level 4.4 Ice Magic


You had 3 spell levels left.
You knew the following spells:

 Your Spells              Type           Power      Damage    Failure   Level
a - Freeze                Ice            52%        1d6       4%          1

Your spell library contained the following spells:

 Spells                   Type           Power      Damage    Failure   Level
 Frozen Ramparts          Ice            26%        1d4       12%         3
 Ozocubu's Armour         Ice            13%        N/A       12%         3
 Summon Ice Beast         Ice/Summ       7%         N/A       67%         4


Dungeon Overview and Level Annotations

Branches:
Dungeon (1/15)

Altars:


Innate Abilities, Weirdness & Mutations

((You are very nimble when in or above water. (Stealth+, EV+, Speed+++)))
Your lower body shifts to a powerful aquatic tail in water.


Message History

Aim: a goblin, wielding a +0 dagger (heavily wounded)
You freeze the goblin.
You kill the goblin!
Unknown command.
Casting: Freeze (safe; 4% risk of failure)
Confirm with . or Enter, or press ? or * to list all spells.
Aiming: Freeze (safe; 4% risk of failure)
Press: ? - help, Shift-Dir - straight line, f - endoplasm
Aim: an endoplasm You freeze the endoplasm.
The endoplasm is moderately wounded.
The endoplasm hits you.
Unknown command.
Casting: Freeze (safe; 4% risk of failure)
Confirm with . or Enter, or press ? or * to list all spells.
Aiming: Freeze (safe; 4% risk of failure)
Press: ? - help, Shift-Dir - straight line, f/p - endoplasm
Aim: an endoplasm (moderately wounded)
You freeze the endoplasm.
The endoplasm is almost dead.
The endoplasm freezes you.
You are frozen.
Casting: Freeze (safe; 4% risk of failure)
Confirm with . or Enter, or press ? or * to list all spells.
You don't have enough magic to cast this spell.
Unknown command.
Casting: Freeze (safe; 4% risk of failure)
Confirm with . or Enter, or press ? or * to list all spells.
You don't have enough magic to cast this spell.
Unknown command.
You hit the endoplasm but do no damage.
The endoplasm is almost dead.
The endoplasm freezes you.
You are frozen.
* * * LOW HITPOINT WARNING * * *
You hit the endoplasm but do no damage.
The endoplasm is almost dead.
The endoplasm freezes you.
You are frozen.
You die...

#H#.#x# ###.###
.##. #h#.#n# .#..
###.### ...
#K#.#f# ..#
###.### ..#
#O#.#f# ..#
#.###'####J.#
#.>.#.##.@)>#
#.....##....#
................#
........)..#......
#.##..####.:l...#.
.. ...# #....... #
#### #.... # ....
...


You could see an endoplasm.

Vanquished Creatures
  A goblin (D:1)
1 creature vanquished.

Notes
Turn   | Place    | Note
-------+----------+-------------------------------------------
     0 | D:1      | safid the Merfolk Ice Elementalist began the quest for the
                  | Orb.
     0 | D:1      | Reached XP level 1. HP: 13/13 MP: 3/3
     2 | D:1      | Noticed a tengu
     2 | D:1      | Noticed a minotaur
     4 | D:1      | Noticed an elf
     4 | D:1      | Noticed a demonspawn
     6 | D:1      | Noticed a spriggan
     6 | D:1      | Noticed a troll
     8 | D:1      | Noticed an ogre
    10 | D:1      | Noticed a draconian
    10 | D:1      | Noticed a demigod
    12 | D:1      | Noticed a naga
    12 | D:1      | Noticed a meteoran
    14 | D:1      | Noticed a gargoyle
    14 | D:1      | Noticed a merfolk
    16 | D:1      | Noticed a vampire
    18 | D:1      | Noticed a formicid
    20 | D:1      | Noticed an armataur
    20 | D:1      | Noticed an octopode
    22 | D:1      | Noticed a felid
    22 | D:1      | Noticed a ghoul
    24 | D:1      | Noticed a vine stalker
    26 | D:1      | Noticed an ogre
    26 | D:1      | Noticed a vine stalker
    40 | D:1      | Frozen to death by an endoplasm

Illustrated notes

Levels and vault maps discovered:
D:1:      kb_arrival_jail, layout_rooms, minmay_misc_feat_hallway

Action                     || total
---------------------------++-------
  Melee: Unarmed           ||     3
   Cast: Freeze            ||     3
